TOP OF THE 1ST |
Las Vegas Stars batting - Pitching for Gresham Gold Souls : RHP Ron Biller
|
Pitching: RHP Ron Biller
|
|
Batting: RHB Brendan Vigors
|
0-0: Called Strike 0-1: Ball 1-1: Called Strike 1-2: Ball 2-2: Foul Ball, location: 2F 2-2: SINGLE (Line Drive, 89S)
|
Batting: LHB Henry Leroux
|
0-0: Ball 1-0: Ball 2-0: Called Strike 2-1: Foul Ball, location: 2F 2-2: Foul Ball, location: 2F 2-2: Strikes out swinging
|
Batting: RHB William Richardson
|
0-0: Called Strike 0-1: Ball 1-1: Ball 2-1: Ball 3-1: Base on Balls Brendan Vigors to second
|
Batting: SHB Sloan James
|
0-0: Called Strike 0-1: Fly out, F8 (Flyball, 8LM)
|
Batting: RHB Douglas Davis
|
0-0: Foul Ball, location: 2F 0-1: Ball 1-1: Ball 2-1: Ball 3-1: Swinging Strike 3-2: Foul Ball, location: 2F 3-2: Base on Balls Brendan Vigors to third William Richardson to second
|
Batting: LHB Fernando De La Cruz
|
0-0: Called Strike 0-1: Foul Ball, location: 2F 0-2: Foul Ball, location: 2F 0-2: Ball 1-2: Ball 2-2: Fly out, F4 (Popup, 4S)
|
Top of the 1st over - 0 run(s), 1 hit(s), 0 error(s), 3 left on base; Las Vegas 0 - Gresham 0 |
BOTTOM OF THE 1ST |
Gresham Gold Souls batting - Pitching for Las Vegas Stars : RHP Ramón Pérez
|
Pitching: RHP Ramón Pérez
|
|
Batting: RHB Carlos García
|
0-0: Ground out 6-3 (Groundball, 6)
|
Batting: RHB Jesús Gutiérrez
|
0-0: Ball 1-0: Called Strike 1-1: Swinging Strike 1-2: Ball 2-2: Ground out 5-3 (Groundball, 56)
|
Batting: RHB Lorenzo Morín
|
0-0: Called Strike 0-1: Foul Ball, location: 2F 0-2: SINGLE (Groundball, 34D)
|
Batting: RHB Pablo Lucero
|
0-0: Called Strike 0-1: Foul Ball, location: 2F 0-2: Ball 1-2: Ball 2-2: Ball 3-2: Foul Ball, location: 2F 3-2: Ground out 5-3 (Groundball, 5)
|
Bottom of the 1st over - 0 run(s), 1 hit(s), 0 error(s), 1 left on base; Las Vegas 0 - Gresham 0 |
TOP OF THE 2ND |
Las Vegas Stars batting - Pitching for Gresham Gold Souls : RHP Ron Biller
|
Batting: RHB Matthieu Vancini
|
0-0: Ball 1-0: SINGLE (Groundball, 13) (infield hit)
|
Batting: RHB Ryan Campbell
|
0-0: Ball 1-0: Fly out, F7 (Flyball, 78S) 1-0: Fly out, F7 (Flyball, 78S)
|
Batting: RHB Kyle Bacon
|
0-0: Ball 1-0: Called Strike 1-1: Swinging Strike 1-2: Fielders Choice at 2nd, 6-4 (Groundball, 56)
|
Batting: RHB Brendan Vigors
|
0-0: Fielders Choice at 2nd, 6-4 (Groundball, 6)
|
Top of the 2nd over - 0 run(s), 1 hit(s), 0 error(s), 0 left on base; Las Vegas 0 - Gresham 0 |
BOTTOM OF THE 2ND |
Gresham Gold Souls batting - Pitching for Las Vegas Stars : RHP Ramón Pérez
|
Batting: RHB Peter Hensley
|
0-0: Ball 1-0: Ball 2-0: Called Strike 2-1: Ground out 4-3 (Groundball, 6M)
|
Batting: LHB Salvador Ruíz
|
0-0: Ball 1-0: Ball 2-0: Foul Ball, location: 2F 2-1: Ground out 6-3 (Groundball, 6M)
|
Batting: SHB Sean Carr
|
0-0: Ball 1-0: Ball 2-0: Foul Ball, location: 2F 2-1: Foul Ball, location: 2F 2-2: Ground out 4-3 (Groundball, 4M)
|
Bottom of the 2nd over - 0 run(s), 0 hit(s), 0 error(s), 0 left on base; Las Vegas 0 - Gresham 0 |
TOP OF THE 3RD |
Las Vegas Stars batting - Pitching for Gresham Gold Souls : RHP Ron Biller
|
Batting: LHB Henry Leroux
|
0-0: Called Strike 0-1: Swinging Strike 0-2: Strikes out looking
|
Batting: RHB William Richardson
|
0-0: Ball 1-0: Swinging Strike 1-1: Foul Ball, location: 2F 1-2: Ball 2-2: Ball 3-2: Base on Balls
|
Batting: SHB Sloan James
|
0-0: Foul Ball, location: 2F 0-1: Called Strike 0-2: Strikes out swinging
|
Batting: RHB Douglas Davis
|
0-0: Ball 1-0: Called Strike 1-1: Ball 2-1: Ball 3-1: Foul Ball, location: 2F 3-2: Fly out, F8 (Flyball, 8LXD)
|
Top of the 3rd over - 0 run(s), 0 hit(s), 0 error(s), 1 left on base; Las Vegas 0 - Gresham 0 |
BOTTOM OF THE 3RD |
Gresham Gold Souls batting - Pitching for Las Vegas Stars : RHP Ramón Pérez
|
Batting: RHB Luke McIndoe
|
0-0: Called Strike 0-1: Swinging Strike 0-2: Ball 1-2: Ball 2-2: Foul Ball, location: 2F 2-2: Ball 3-2: Base on Balls
|
Batting: LHB Jeff Doss
|
0-0: Ball 1-0: Swinging Strike 1-1: Swinging Strike 1-2: Ball 2-2: Foul Ball, location: 2F 2-2: Foul Ball, location: 2F 2-2: Foul Ball, location: 2F 2-2: Ball 3-2: Base on Balls Luke McIndoe to second
|
Batting: RHB Carlos García
|
0-0: Called Strike 0-1: Ball 1-1: Swinging Strike 1-2: Ball 2-2: Grounds into double play, U4-3 (Groundball, 4) Luke McIndoe to third
|
Batting: RHB Jesús Gutiérrez
|
0-0: Ball 1-0: Ball 2-0: Ball 3-0: Base on Balls
|
Batting: RHB Lorenzo Morín
|
0-0: Fly out, F8 (Flyball, 8LM)
|
Bottom of the 3rd over - 0 run(s), 0 hit(s), 0 error(s), 2 left on base; Las Vegas 0 - Gresham 0 |
TOP OF THE 4TH |
Las Vegas Stars batting - Pitching for Gresham Gold Souls : RHP Ron Biller
|
Batting: LHB Fernando De La Cruz
|
0-0: Ball 1-0: Swinging Strike 1-1: Ball 2-1: Swinging Strike 2-2: Foul Ball, location: 2F 2-2: Ball 3-2: Fly out, F8 (Flyball, 8LM)
|
Batting: RHB Matthieu Vancini
|
0-0: Ball 1-0: Swinging Strike 1-1: Foul Ball, location: 2F 1-2: Ball 2-2: Ball 3-2: Ground out 5-3 (Groundball, 56)
|
Batting: RHB Ryan Campbell
|
0-0: Called Strike 0-1: Called Strike 0-2: SINGLE (Line Drive, 56)
|
Batting: RHB Kyle Bacon
|
0-0: Foul Ball, location: 2F 0-1: Ball 1-1: Ball 2-1: Ball 3-1: Foul Ball, location: 2F 3-2: Foul Ball, location: 2F 3-2: Strikes out swinging
|
Top of the 4th over - 0 run(s), 1 hit(s), 0 error(s), 1 left on base; Las Vegas 0 - Gresham 0 |
BOTTOM OF THE 4TH |
Gresham Gold Souls batting - Pitching for Las Vegas Stars : RHP Ramón Pérez
|
Batting: RHB Pablo Lucero
|
0-0: Called Strike 0-1: Called Strike 0-2: Strikes out looking
|
Batting: RHB Peter Hensley
|
0-0: Ground out 4-3 (Groundball, 4M)
|
Batting: LHB Salvador Ruíz
|
0-0: Ball 1-0: Ball 2-0: Ball 3-0: Base on Balls
|
Batting: SHB Sean Carr
|
0-0: Ball 1-0: Ground out 3-1 (Groundball, 3L)
|
Bottom of the 4th over - 0 run(s), 0 hit(s), 0 error(s), 1 left on base; Las Vegas 0 - Gresham 0 |
TOP OF THE 5TH |
Las Vegas Stars batting - Pitching for Gresham Gold Souls : RHP Ron Biller
|
Batting: RHB Brendan Vigors
|
0-0: Ball 1-0: Foul Ball, location: 2F 1-1: Ball 2-1: Called Strike 2-2: Foul Ball, location: 2F 2-2: Foul Ball, location: 2F 2-2: Fly out, F7 (Flyball, 78M)
|
Batting: LHB Henry Leroux
|
0-0: SINGLE (Flyball, 9S)
|
Batting: RHB William Richardson
|
0-0: Foul Ball, location: 2F 0-1: Swinging Strike 0-2: Foul Ball, location: 2F 0-2: Ball 1-2: Ball 2-2: Ball 3-2: Base on Balls Henry Leroux to second
|
Batting: SHB Sloan James
|
0-0: Foul Ball, location: 2F 0-1: Swinging Strike 0-2: Ball 1-2: SINGLE (Groundball, 13) (infield hit) Henry Leroux to third William Richardson to second
|
Pitching: RHP José González
|
|
Batting: RHB Douglas Davis
|
0-0: Ball 1-0: Fly out, F9 (Flyball, 9LMF) Runner from 3rd tags up, SCORES, no throw
|
Batting: LHB Fernando De La Cruz
|
0-0: Ball 1-0: Ball 2-0: Swinging Strike 2-1: Foul Ball, location: 2F 2-2: Foul Ball, location: 2F 2-2: Foul Ball, location: 2F 2-2: SINGLE (Line Drive, 9LS) William Richardson to third Sloan James to second Runner from 3rd tries for Home, SAFE, no throw or cutoff
|
Batting: RHB Matthieu Vancini
|
0-0: Ball 1-0: Called Strike 1-1: Ball 2-1: Foul Ball, location: 2F 2-2: Ground out 5-3 (Groundball, 5S)
|
Top of the 5th over - 2 run(s), 3 hit(s), 0 error(s), 2 left on base; Las Vegas 2 - Gresham 0 |
BOTTOM OF THE 5TH |
Gresham Gold Souls batting - Pitching for Las Vegas Stars : RHP Ramón Pérez
|
Batting: RHB Luke McIndoe
|
0-0: Ball 1-0: Swinging Strike 1-1: SINGLE (Flyball, 8RS)
|
Batting: LHB Jeff Doss
|
0-0: Foul Ball, location: 2F 0-1: Ball 1-1: Fielders Choice at 2nd, 4-6 (Groundball, 34)
|
Batting: RHB Carlos García
|
0-0: Called Strike 0-1: Ball 1-1: Ball 2-1: Ball 3-1: SINGLE (Flyball, 89S) Jeff Doss to second
|
Batting: RHB Jesús Gutiérrez
|
0-0: Ball 1-0: Grounds into double play, 6-4-3 (Groundball, 6)
|
Bottom of the 5th over - 0 run(s), 2 hit(s), 0 error(s), 1 left on base; Las Vegas 2 - Gresham 0 |
TOP OF THE 6TH |
Las Vegas Stars batting - Pitching for Gresham Gold Souls : RHP José González
|
Batting: RHB Ryan Campbell
|
0-0: Ground out 6-3 (Groundball, 56)
|
Batting: RHB Kyle Bacon
|
0-0: Ball 1-0: Called Strike 1-1: Swinging Strike 1-2: Ball 2-2: Foul Ball, location: 2F 2-2: Strikes out swinging
|
Batting: RHB Brendan Vigors
|
0-0: Called Strike 0-1: Ball 1-1: Ball 2-1: Ball 3-1: Base on Balls
|
Batting: LHB Henry Leroux
|
0-0: Ball 1-0: Ball 2-0: Called Strike 2-1: Fly out, F7 (Flyball, 7M)
|
Top of the 6th over - 0 run(s), 0 hit(s), 0 error(s), 1 left on base; Las Vegas 2 - Gresham 0 |
BOTTOM OF THE 6TH |
Gresham Gold Souls batting - Pitching for Las Vegas Stars : RHP Ramón Pérez
|
Batting: RHB Lorenzo Morín
|
0-0: Ground out 6-3 (Groundball, 6)
|
Batting: RHB Pablo Lucero
|
0-0: Called Strike 0-1: Foul Ball, location: 2F 0-2: Ball 1-2: Ball 2-2: Strikes out swinging
|
Batting: RHB Peter Hensley
|
0-0: Called Strike 0-1: Ball 1-1: Ground out 5-3 (Groundball, 5L)
|
Bottom of the 6th over - 0 run(s), 0 hit(s), 0 error(s), 0 left on base; Las Vegas 2 - Gresham 0 |
TOP OF THE 7TH |
Las Vegas Stars batting - Pitching for Gresham Gold Souls : RHP José González
|
Batting: RHB William Richardson
|
0-0: Ball 1-0: Ball 2-0: Fly out, F7 (Flyball, 7D)
|
Pitching: RHP Robbie O'Neil
|
|
Batting: SHB Sloan James
|
0-0: Foul Ball, location: 2F 0-1: Foul Ball, location: 2F 0-2: Ball 1-2: Foul Ball, location: 2F 1-2: Ball 2-2: Ball 3-2: Base on Balls
|
Batting: RHB Douglas Davis
|
0-0: Ball 1-0: Ball 2-0: Foul Ball, location: 2F 2-1: Ball 3-1: Grounds into double play, 5-4-3 (Groundball, 5L)
|
Top of the 7th over - 0 run(s), 0 hit(s), 0 error(s), 0 left on base; Las Vegas 2 - Gresham 0 |
BOTTOM OF THE 7TH |
Gresham Gold Souls batting - Pitching for Las Vegas Stars : RHP Ramón Pérez
|
Batting: LHB Salvador Ruíz
|
0-0: Ground out 4-3 (Groundball, 4)
|
Batting: SHB Sean Carr
|
0-0: Ball 1-0: Swinging Strike 1-1: Foul Ball, location: 2F 1-2: Strikes out swinging
|
Batting: RHB Luke McIndoe
|
0-0: Ball 1-0: Called Strike 1-1: Ground out 6-3 (Groundball, 6D)
|
Bottom of the 7th over - 0 run(s), 0 hit(s), 0 error(s), 0 left on base; Las Vegas 2 - Gresham 0 |
TOP OF THE 8TH |
Las Vegas Stars batting - Pitching for Gresham Gold Souls : RHP Robbie O'Neil
|
Batting: LHB Fernando De La Cruz
|
0-0: Ball 1-0: Ball 2-0: Foul Ball, location: 2F 2-1: Swinging Strike 2-2: Foul Ball, location: 2F 2-2: Strikes out swinging
|
Batting: RHB Matthieu Vancini
|
0-0: Ball 1-0: Called Strike 1-1: Swinging Strike 1-2: Ball 2-2: Ball 3-2: Strikes out swinging
|
Batting: RHB Ryan Campbell
|
0-0: SINGLE (Groundball, 56)
|
Batting: RHB Kyle Bacon
|
0-0: Called Strike 0-1: Foul Ball, location: 2F 0-2: Strikes out swinging
|
Top of the 8th over - 0 run(s), 1 hit(s), 0 error(s), 1 left on base; Las Vegas 2 - Gresham 0 |
BOTTOM OF THE 8TH |
Gresham Gold Souls batting - Pitching for Las Vegas Stars : RHP Ramón Pérez
|
Pitching: LHP Stu Creichton
|
|
Batting: LHB Jeff Doss
|
0-0: Reached on error, E6 (Groundball, 6M)
|
Pitching: RHP Brett Dwyer
|
|
Batting: RHB Carlos García
|
0-0: Ball 1-0: Called Strike 1-1: Ball 2-1: Ball 3-1: Called Strike 3-2: Foul Ball, location: 2F 3-2: Strikes out swinging
|
Batting: RHB Jesús Gutiérrez
|
0-0: Foul Ball, location: 2F 0-1: Foul Ball, location: 2F 0-2: Ball 1-2: Foul Ball, location: 2F 1-2: SINGLE (Line Drive, 89S) Jeff Doss to second
|
Batting: RHB Lorenzo Morín
|
0-0: Called Strike 0-1: Ball 1-1: Called Strike 1-2: Ball 2-2: Grounds into double play, 6-4-3 (Groundball, 6)
|
Bottom of the 8th over - 0 run(s), 1 hit(s), 1 error(s), 1 left on base; Las Vegas 2 - Gresham 0 |
TOP OF THE 9TH |
Las Vegas Stars batting - Pitching for Gresham Gold Souls : RHP Robbie O'Neil
|
Batting: RHB Brendan Vigors
|
0-0: Called Strike 0-1: Ball 1-1: Ball 2-1: Ground out 1-3 (Groundball, 15)
|
Batting: LHB Henry Leroux
|
0-0: Ball 1-0: Called Strike 1-1: Foul Ball, location: 2F 1-2: Reached on error, E4 (Groundball, 4)
|
Batting: RHB William Richardson
|
0-0: Ball 1-0: Foul Ball, location: 2F 1-1: Foul Ball, location: 2F 1-2: Foul Ball, location: 2F 1-2: Grounds into double play, 4-6-3 (Groundball, 4)
|
Top of the 9th over - 0 run(s), 0 hit(s), 1 error(s), 0 left on base; Las Vegas 2 - Gresham 0 |
BOTTOM OF THE 9TH |
Gresham Gold Souls batting - Pitching for Las Vegas Stars : RHP Brett Dwyer
|
Pitching: LHP Raúl Sandoval
|
|
Batting: RHB Pablo Lucero
|
0-0: Ground out 2-3 (Groundball, 25)
|
Batting: RHB Peter Hensley
|
0-0: Called Strike 0-1: Swinging Strike 0-2: Ball 1-2: Ball 2-2: Strikes out swinging
|
Batting: LHB Salvador Ruíz
|
0-0: Ball 1-0: Fly out, F5 (Popup, 5F)
|
Bottom of the 9th over - 0 run(s), 0 hit(s), 0 error(s), 0 left on base; Las Vegas 2 - Gresham 0 |
|